AoeStats
← fechindeeznutz

Socotra

506019227Analyzed
2v2 RM · 21d ago on Sep 12, 2026· 27m 26s· 4 players
Game mode
Random Map
Map size
Tiny (2 player)
Population
200
Speed
Normal
Resources
Standard
Victory
Conquest
Starting age
Dark Age
Ending age
Imperial Age
RankedLock teamsTeams togetherTeam positionsShared explorationLock speedFull tech treeHidden civsTurbo modeCheats
Victory
Defeat
🇺🇸 Romans · United States
776
+15
🇺🇸 Celts · United States
752
+37
🇺🇸 Huns · United States
765
-16
🇨🇱 Britons · Chile
731
-15
Gatito_JOE
1:48 Loom
5:19 Loom
14:55 Feudal Age
14:59 Man-at-Arms
16:28 Arson
17:34 Double-Bit Axe
18:44 Horse Collar
25:28 Castle Age
26:15 Long Swordsman
tuberculito
0:43 Loom
13:33 Feudal Age
15:55 Man-at-Arms
17:10 Scale Mail Armor
25:27 Wheelbarrow
Misha_Dyson
8:38 Loom
11:39 Feudal Age
12:25 Stone Mining
17:29 Forging
20:33 Castle Age
19:47 Gold Mining
21:58 Scale Mail Armor
24:59 Double-Bit Axe
fechindeeznutz
9:24 Loom
11:17 Feudal Age
9:33 Loom
11:22 Man-at-Arms
19:24 Scale Mail Armor
27:47 Castle Age
Connection lost

Rejoining the realm…

Still unreachable

The connection could not be restored.

Session expired

The server has moved on; the page needs a fresh start.